 Dungeon Sprint DCSS version 0.30-a0-737-gf23d94013f (webtiles) character file.

Game seed: 12139998985233746604

931 sircluck the Blocker (level 7, -13/80 HPs)
             Began as a Troll Fighter on Feb 2, 2023.
             Mangled by a red devil
             ... wielding a +0 trident
             ... summoned by a kobold demonologist
              (20 damage)
             ... in the Dungeon (Sprint I: "Red Sonja").
             The game lasted 00:02:20 (277 turns).

sircluck the Blocker (Troll Fighter)                 Turns: 277, Time: 00:02:20

Health: -13/80     AC:  4    Str: 27    XL:     7   Next: 86%
Magic:  6/6        EV: 10    Int:  4    God:
Gold:   405        SH: 10    Dex:  9    Spells: 6/6 levels left

rFire   . . .      SeeInvis .      - Unarmed
rCold   . . .      Faith    .    b - +0 kite shield
rNeg    . . .      Spirit   .    a - +0 robe
rPois   .          Reflect  .    (helmet restricted)
rElec   .          Harm     .    (no cloak)
rCorr   .          Rampage  .    (gloves unavailable)
Will    .....      NoTele   +    (boots unavailable)
Stlth   +                        (no amulet)
HPRegen 1.13/turn                (no ring)
MPRegen 0.10/turn                (no ring)

@: spiked
A: large, unfitting armour, claws 3, regeneration 1, shaggy fur 1, tough skin 1
a: no special abilities


You were in the Dungeon.
You visited 1 branch You collected 405 gold pieces.

Inventory:

Hand Weapons
 j - a +0 giant club
Armour
 a - a +0 robe (worn)
 b - a +0 kite shield (worn)
Wands
 h - a wand of mindburst (4)
Scrolls
 i - a scroll of blinking
 l - a scroll of identify {unknown}
Potions
 c - a potion of might
 d - 2 potions of curing
 e - a potion of heal wounds
 f - a potion of haste
 g - 2 potions of magic
 k - a potion of berserk rage


   Skills:
 + Level 8.2 Fighting
 + Level 7.7 Dodging
 + Level 8.7 Shields
 + Level 7.8 Unarmed Combat
 + Level 0.1 Evocations


You had 6 spell levels left.
You didn't know any spells.
Your spell library was empty.

Dungeon Overview and Level Annotations

Branches:
Dungeon (1/1)

Altars:
Cheibriados
Dithmenos
Elyvilon
Fedhas
Gozag
Hepliaklqana
Kikubaaqudgha
Makhleb
Nemelex Xobeh
Okawaru
Qazlal
Ru
Sif Muna
Trog
Uskayaw
Vehumet
Wu Jian
Xom
Yredelemnul
Zin
The Shining One
Jiyva
Lugonu

Shops:
D [


Innate Abilities, Weirdness & Mutations

You are too large for most types of armour.
You have claws for hands.
Your natural rate of healing is unusually fast.
You are covered in fur. (AC +1)
You have tough skin. (AC +1)


Message History

The kobold demonologist is lightly wounded.
You block the red devil's attack. The kobold demonologist misses you.
You scratch the kobold demonologist.
The kobold demonologist is moderately wounded.
The red devil hits you from afar with a +0 trident!
Barbed spikes become lodged in your body.
The kobold demonologist barely misses you.
You scratch the kobold demonologist but do no damage.
The kobold demonologist is moderately wounded.
You block the red devil's attack.
You block the kobold demonologist's attack.
You scratch the kobold demonologist.
The kobold demonologist is heavily wounded.
The red devil hits you from afar with a +0 trident!!
Barbed spikes become lodged in your body.
The kobold demonologist hits you with a +0 dagger.
You closely miss the kobold demonologist.
The kobold demonologist is heavily wounded.
You block the red devil's attack. The kobold demonologist misses you.
You closely miss the kobold demonologist.
The kobold demonologist is heavily wounded.
The red devil hits you from afar with a +0 trident!
* * * LOW HITPOINT WARNING * * *
Barbed spikes become lodged in your body.
The kobold demonologist casts a spell.
You claw the kobold demonologist!
The kobold demonologist is severely wounded.
You block the red devil's attack.
The kobold demonologist looks satisfied for a moment.
You scratch the kobold demonologist but do no damage.
The kobold demonologist is severely wounded.
You block the red devil's attack.
The kobold demonologist hits you with a +0 dagger.
* * * LOW HITPOINT WARNING * * *
You scratch the kobold demonologist.
The kobold demonologist is severely wounded.
The soul eater hits you!
* * * LOW HITPOINT WARNING * * *
The red devil hits you from afar with a +0 trident!!
You die...

####################
'..#..'..#__#.4'@..#
#..').#..'..'..#K3.#
##'#####'#__####...+
#..#...#.#### #####
####..##.#
___##'#_.+
∩...†..._#
.__##_.#+# ___###+#


You could see a soul eater (summoned), a kobold demonologist and a red devil
(summoned).

Vanquished Creatures
  A kobold demonologist (D)
  A slime creature (D)
  Sigmund (D)
  A yak (D)
  A floating eye (D)
  An ogre (D)
  A jelly (D)
  Ijyb (D)
8 creatures vanquished.

Notes
Turn   | Place    | Note
-------+----------+-------------------------------------------
     0 | D        | sircluck the Troll Fighter began the quest for the Orb.
     0 | D        | Reached XP level 1. HP: 22/22 MP: 0/0
     3 | D        | Noticed Ijyb
    11 | D        | Killed Ijyb
    12 | D        | Reached XP level 2. HP: 17/32 MP: 1/1
    31 | D        | Noticed an ogre
    36 | D        | Killed an ogre
    37 | D        | Reached skill level 5 in Shields
    37 | D        | Reached XP level 3. HP: 13/41 MP: 2/2
    37 | D        | Reached XP level 4. HP: 15/49 MP: 3/3
    44 | D        | Noticed Sigmund
    48 | D        | Killed Sigmund
    49 | D        | Reached XP level 5. HP: 16/59 MP: 4/4
   123 | D        | Found an ornate altar of the Wu Jian Council.
   123 | D        | Found a shimmering blue altar of Sif Muna.
   125 | D        | Found a radiant altar of Vehumet.
   131 | D        | Reached skill level 5 in Unarmed Combat
   131 | D        | Reached XP level 6. HP: 68/68 MP: 5/5
   141 | D        | Found Billur's Armour Emporium.
   141 | D        | Found an ancient bone altar of Kikubaaqudgha.
   141 | D        | Found a hazy altar of Hepliaklqana.
   141 | D        | Found a stormy altar of Qazlal.
   141 | D        | Found a hide-covered altar of Uskayaw.
   141 | D        | Found a blossoming altar of Fedhas.
   141 | D        | Found a bloodstained altar of Trog.
   141 | D        | Found an iron altar of Okawaru.
   141 | D        | Found a basalt altar of Yredelemnul.
   141 | D        | Found a glowing golden altar of the Shining One.
   141 | D        | Found a snail-covered altar of Cheibriados.
   141 | D        | Found a sacrificial altar of Ru.
   141 | D        | Found a glowing silver altar of Zin.
   141 | D        | Found a shadowy altar of Dithmenos.
   141 | D        | Found a white marble altar of Elyvilon.
   141 | D        | Noticed a yak
   148 | D        | Killed a yak
   149 | D        | Found an opulent altar of Gozag.
   150 | D        | Found a sparkling altar of Nemelex Xobeh.
   213 | D        | Found a burning altar of Makhleb.
   213 | D        | Found a viscous altar of Jiyva.
   213 | D        | Found a shimmering altar of Xom.
   213 | D        | Found a corrupted altar of Lugonu.
   213 | D        | Noticed a slime creature
   220 | D        | Killed a slime creature
   221 | D        | Reached XP level 7. HP: 58/78 MP: 6/6
   252 | D        | Noticed a kobold demonologist
   252 | D        | Noticed a kobold demonologist
   260 | D        | Killed a kobold demonologist
   265 | D        | Noticed a red devil
   275 | D        | Noticed a soul eater
   277 | D        | Mangled by a red devil

Illustrated notes

Levels and vault maps discovered:
D:        dungeon_sprint_1 [red_sonja_temple_1, red_sonja_temple_small_1]

Skill      XL: |  1  2  3  4  5  6  7 |
---------------+----------------------+-----
Fighting       | 3 4 6 7 8 |  8.2
Dodging        | 3 4 6 7 |  7.7
Shields        | 4 5 6 7 8 |  8.7
Unarmed Combat | 3 4 5 6 7 |  7.8
Evocations     | |  0.1

Action                     |  1- 3 |  4- 6 |  7- 9 || total
---------------------------+-------+-------+-------++-------
  Melee: Unarmed           |    11 |    19 |    22 ||    52
  Evoke: Wand              |     1 |       |     1 ||     2
    Use: Potion            |     1 |       |       ||     1
 Armour: Robe              |       |     2 |     3 ||     5
  Dodge: Dodged            |     2 |     6 |     6 ||    14
  Block: Kite shield       |       |     6 |    12 ||    18

Table legend: (Time is in decaauts)
 A = Elapsed time spent in this place.
 B = Non-inter-level travel time spent in this place.
 C = Inter-level travel time spent in this place.
 D = Time resting spent in this place.
 E = Time spent auto-exploring this place.
 F = Levels seen in this place.
 G = Mean time per level.
                   A        B        C        D        E       F      G
               +--------+--------+--------+--------+--------+-----+--------+
         Total |    285 |    285 |      0 |     74 |      0 |   1 |  285.0 |
       Dungeon |    285 |    285 |      0 |     74 |      0 |   1 |  285.0 |
               +--------+--------+--------+--------+--------+-----+--------+

Top non-repeatable levels by time:
       D: 285 daAuts
